 Dungeon Crawl Stone Soup version 0.27-a0-96-gb51a1d6fd6 (webtiles) character file.

Game seed: 10065571505046518865

804 kae the Ruffian (level 7, -1/70 HPs)
             Began as a Troll Fighter on Jan 19, 2021.
             Slain by a sky beast (6 damage)
             ... on level 8 of the Dungeon.
             The game lasted 00:02:28 (3495 turns).

kae the Ruffian (Troll Fighter)                     Turns: 3495, Time: 00:02:29

Health: -1/70      AC:  6    Str: 27    XL:     7   Next: 60%
Magic:  9/9        EV: 11    Int:  4    God:
Gold:   239        SH:  0    Dex:  9    Spells: 10/10 levels left

rFire    . . .     SeeInvis .     - Unarmed
rCold    . . .     Faith    .   (no shield)
rNeg     . . .     Spirit   .   a - +0 robe
rPois    .         Reflect  .   (helmet restricted)
rElec    .         Harm     .   (no cloak)
rCorr    .         Rampage  .   (gloves unavailable)
Will     .....     Rnd*Tele +   (boots unavailable)
Stlth    +.........             (no amulet)
HPRegen  0.61/turn              i - ring of teleportation (curse)
MPRegen  0.11/turn              (no ring)

@: no status effects
A: large, unfitting armour, claws 3, regeneration 1, shaggy fur 1, tough skin 3
a: no special abilities


You were on level 8 of the Dungeon.
You visited 1 branch of the dungeon, and saw 6 of its levels.

You collected 239 gold pieces.

Inventory:

Armour
 a - a +0 robe (worn)
 b - a +0 kite shield
Jewellery
 i - a cursed ring of teleportation (left claw)
Wands
 l - a wand of digging (6)
 n - a wand of disintegration (9)
 r - a wand of acid (9)
Scrolls
 e - 2 scrolls of amnesia
 f - a scroll of enchant weapon
 h - 2 scrolls of remove curse
 o - a scroll of blinking
 p - 3 scrolls of identify
 q - a scroll of fog {unknown}
Potions
 c - 2 potions of might
 d - a potion of magic {unknown}
 g - a potion of brilliance
 j - a potion of heal wounds {unknown}
 k - a potion of attraction
 m - a potion of berserk rage {unknown}


   Skills:
 + Level 4.0 Fighting
 + Level 4.0 Dodging
 - Level 2.4 Shields
 * Level 5.7 Unarmed Combat
 + Level 2.1 Spellcasting


You had 10 spell levels left.
You didn't know any spells.
Your spell library was empty.

Dungeon Overview and Level Annotations

Branches:
Dungeon (5/15)
 Temple: D:4-7

Altars:
Ashenzari
Gozag
Kikubaaqudgha
Ru
Vehumet

Shops:
D:3 *


Innate Abilities, Weirdness & Mutations

You are too large for most types of armour.
You have claws for hands.
Your natural rate of healing is unusually fast.
You are covered in fur. (AC +1)
You have extremely tough skin. (AC +3)


Message History

* * * LOW HITPOINT WARNING * * *
The orc throws a boomerang.
The boomerang hits you.
* * * LOW HITPOINT WARNING * * *
You claw the sky beast!
The sky beast is almost dead.
The sky beast closely misses you.
You barely miss the sky beast.
The sky beast is almost dead.
The orc throws a boomerang.
The boomerang closely misses you.
The weapon returns to the orc!
The sky beast hits you.
* * * LOW HITPOINT WARNING * * *
The sky beast shocks you.
* * * LOW HITPOINT WARNING * * *
You barely miss the sky beast.
The sky beast is almost dead.
The orc throws a boomerang.
The boomerang closely misses you.
The weapon returns to the orc!
The sky beast hits you.
* * * LOW HITPOINT WARNING * * *
The sky beast shocks you.
You die...

#.#.#.... .
########......#...
........##.####..
.................
.............### .
########.....###..
#..........
#....≈.####
##.@Y..#
..≈...#.......#
#...#.....#...#
#.. ##........# .
..#....#.# ..≈
.####.. .o. .#
.##. ..


You could see a sky beast and an orc.

Vanquished Creatures
  3 phantoms
  A howler monkey (D:4)
  A bullfrog skeleton (D:8)
  4 orc priests
  A centaur skeleton (D:5)
  Jessica (D:3)
  Terence (D:2)
  An iguana (D:5)
  2 worker ants (D:4)
  Robin (D:2)
  4 adders
  3 gnolls (D:4)
  A howler monkey skeleton (D:4)
  An ooze (D:3)
  A worm (D:3)
  2 dart slugs
  A leopard gecko (D:2)
  16 orcs
  3 giant cockroaches (D:3)
  11 goblins (D:2)
  11 hobgoblins
  10 jackals
  A quokka (D:2)
  3 ball pythons
  7 bats
  3 frilled lizards
  5 kobolds
  7 rats
106 creatures vanquished.

Vanquished Creatures (others)
  A human (D:2)
1 creature vanquished.

Grand Total: 107 creatures vanquished

Notes
Turn   | Place    | Note
-------+----------+-------------------------------------------
     0 | D:1      | kae the Troll Fighter began the quest for the Orb.
     0 | D:1      | Reached XP level 1. HP: 22/22 MP: 0/0
   185 | D:1      | Reached XP level 2. HP: 26/29 MP: 1/1
   771 | D:2      | Reached XP level 3. HP: 32/36 MP: 2/2
   883 | D:2      | Noticed Robin
   891 | D:2      | Killed Robin
   923 | D:2      | Reached skill level 3 in Unarmed Combat
  1193 | D:2      | Noticed Terence
  1206 | D:2      | Killed Terence
  1207 | D:2      | Reached XP level 4. HP: 40/44 MP: 2/4
  1420 | D:2      | Found an ancient bone altar of Kikubaaqudgha.
  1420 | D:2      | Noticed a human
  1423 | D:2      | Killed a human
  1602 | D:3      | Found a broken altar of Ashenzari.
  1603 | D:3      | Found a sacrificial altar of Ru.
  1606 | D:3      | Found a radiant altar of Vehumet.
  1750 | D:3      | Reached skill level 1 in Spellcasting
  1830 | D:3      | Noticed Jessica
  1835 | D:3      | Killed Jessica
  1836 | D:3      | Reached XP level 5. HP: 53/53 MP: 5/5
  2008 | D:3      | Found Gozag's Platinum Reserve.
  2047 | D:3      | Found an opulent altar of Gozag.
  2345 | D:4      | Reached skill level 4 in Unarmed Combat
  2531 | D:4      | Reached XP level 6. HP: 50/61 MP: 6/6
  2980 | D:5      | Entered Level 5 of the Dungeon
  3008 | D:5      | Reached skill level 5 in Unarmed Combat
  3008 | D:5      | Reached XP level 7. HP: 68/68 MP: 8/8
  3256 | D:5      | You fall into a shaft and drop 3 floors!
  3495 | D:8      | Slain by a sky beast

Illustrated notes

Levels and vault maps discovered:
D:1:      tarquinn_simple_flora_water_f, layout_loops_ring
D:2:      layout_loops_corners, tgw_kikubaaqudgha, uniq_terence, uniq_robin
D:3:      layout_basic, gammafunk_temple_overflow_forgotten,
          nicolae_gozag_zags_fifth_avenue, uniq_jessica
D:4:      layout_loops_cross, minmay_cupped
D:5:      layout_basic
D:8:      layout_basic, dpeg_oklobed_lair

Skill      XL: |  1  2  3  4  5  6  7 |
---------------+----------------------+-----
Unarmed Combat | 3 4 5 |  5.7
Dodging        | 3 4 |  4.0
Fighting       | 3 4 |  4.0
Spellcasting   | 1 2 |  2.1
Shields        | |  2.4

Action                   |  1- 3 |  4- 6 |  7- 9 || total
-------------------------+-------+-------+-------++-------
Melee: Unarmed           |   126 |   162 |    64 ||   352
       Punch             |       |     4 |     1 ||     5
  Use: Scroll            |       |     8 |       ||     8
 Stab: Sleeping          |     1 |     1 |       ||     2
       Distracted        |       |     1 |       ||     1
Armor: Robe              |    51 |    60 |    17 ||   128
Dodge: Dodged            |    69 |    61 |    31 ||   161

Table legend: (Time is in decaauts)
 A = Elapsed time spent in this place.
 B = Non-inter-level travel time spent in this place.
 C = Inter-level travel time spent in this place.
 D = Time resting spent in this place.
 E = Time spent auto-exploring this place.
 F = Levels seen in this place.
 G = Mean time per level.
                   A        B        C        D        E       F      G
               +--------+--------+--------+--------+--------+-----+--------+
         Total |   3471 |   3397 |     74 |    191 |   2513 |   6 |  578.5 |
       Dungeon |   3471 |   3397 |     74 |    191 |   2513 |   6 |  578.5 |
               +--------+--------+--------+--------+--------+-----+--------+

Top non-repeatable levels by time:
     D:2: 893 daAuts
     D:3: 766 daAuts
     D:4: 666 daAuts
     D:1: 637 daAuts
     D:5: 273 daAuts
     D:8: 234 daAuts
